[Event "Titled Tuesday Blitz February 21 Early 2023"]
[White "Fernandez Siles, Luis"]
[Black "Papp, Levente"]
[WhiteFideId "2209420"]
[BlackFideId "751243"]
[WhiteElo "2218"]
[BlackElo "2353"]
[Result "0-1"]
[Round "01"]
[TimeControl "180+2"]
[Date "2023.02.21"]
[WhiteClock "0:00:15"]
[BlackClock "0:00:06"]

1. d4 e6 2. e4 d5 3. Nd2 Nc6 4. Ngf3 Nf6 5. e5 Nd7 6. Be2 f6 7. exf6 Qxf6 8. Nf1 e5 9. dxe5 Ndxe5 10. Qxd5 Be6 11. Qe4 O-O-O 12. Nxe5 Nxe5 13. Ne3 Rd4 14. Qxd4 Nf3+ 15. Bxf3 Qxd4 16. O-O Bd6 17. c3 Qf6 18. Bg4 Rf8 19. Bxe6+ Qxe6 20. g3 h5 21. Ng2 Qg4 22. h4 Rf3 23. Bg5 Bc5 24. Rad1 b6 25. Be3 Bd6 26. Rd4 Qe6 27. Nf4 Qd7 28. Kg2 Qc6 29. Nd5 Rf5 30. c4 Kb7 31. Rfd1 Bc5 32. Re4 Bxe3 33. Nxe3 Qxe4+ 34. Kg1 Ra5 35. a3 Qf3 36. Rd4 Re5 37. Rd3 Qe2 38. Rc3 Qxb2 39. Rd3 a5 0-1


[Site "https://www.chess.com"]

[Event "Titled Tuesday Blitz February 21 Early 2023"]
[White "Migot, Tangi"]
[Black "Schut, Han"]
[WhiteFideId "662445"]
[BlackFideId "1005561"]
[WhiteElo "2373"]
[BlackElo "2101"]
[Result "1-0"]
[Round "01"]
[TimeControl "180+2"]
[Date "2023.02.21"]
[WhiteClock "0:00:38"]
[BlackClock "0:00:19"]

1. Nf3 Nf6 2. e3 g6 3. h4 d5 4. Be2 Bg4 5. b3 Bg7 6. Bb2 c5 7. Ne5 Bxe2 8. Qxe2 Nbd7 9. Nxd7 Qxd7 10. Nc3 O-O 11. O-O-O Rfd8 12. d3 b5 13. e4 d4 14. Nb1 a5 15. h5 a4 16. hxg6 fxg6 17. e5 Nd5 18. e6 Qd6 19. g3 Rf8 20. f4 Rf6 21. Nd2 Ne3 22. Ne4 Qxe6 23. Nxf6+ Qxf6 24. Qxe3 dxe3 25. Bxf6 Bxf6 26. Kb1 axb3 27. cxb3 Bc3 28. Rh2 Kf7 29. Rc1 Bd2 30. Rxc5 Rd8 31. Kc2 h5 32. Rxd2 exd2 33. Kxd2 Ra8 34. Rxb5 Rxa2+ 35. Ke3 Rg2 36. Kf3 Rd2 37. Rd5 Rb2 38. Rb5 Rd2 39. Ke4 Rg2 40. b4 Rxg3 41. Rb8 h4 42. b5 Kg7 43. Ra8 h3 44. Ra1 Rg2 45. Rh1 h2 46. Kd5 Rb2 47. Kc6 Kf6 48. b6 Kf5 49. b7 Kxf4 50. Rxh2 Rxh2 51. b8=Q+ 1-0


[Site "https://www.chess.com"]

[Event "Titled Tuesday Blitz February 21 Early 2023"]
[White "Ciuffoletti, Paolo"]
[Black "Fisher_TheGalactic"]
[WhiteFideId "807630"]
[WhiteElo "2106"]
[BlackElo "2535"]
[Result "0-1"]
[Round "01"]
[TimeControl "180+2"]
[Date "2023.02.21"]
[WhiteClock "0:00:01"]
[BlackClock "0:02:03"]

1. e4 b6 2. d4 Bb7 3. Nc3 e6 4. Bd3 Bb4 5. Nf3 Nf6 6. Qe2 d5 7. exd5 Nxd5 8. Bd2 Nxc3 9. bxc3 Be7 10. O-O Nd7 11. c4 O-O 12. Rfe1 Bf6 13. Be4 Bxe4 14. Qxe4 c5 15. Rad1 cxd4 16. Bb4 Nc5 17. Qf4 Qc8 18. Ne5 Qc7 19. Rxd4 Rfd8 20. Bxc5 Qxc5 21. Rxd8+ Rxd8 22. h3 Rd4 23. Qg3 Bxe5 24. Qxe5 Qxe5 25. Rxe5 Rxc4 0-1


[Site "https://www.chess.com"]

[Event "Titled Tuesday Blitz February 21 Early 2023"]
[White "Vovk, Orest"]
[Black "Nugumanov, Bakhtiyar"]
[WhiteFideId "14113490"]
[BlackFideId "13701797"]
[WhiteElo "2315"]
[BlackElo "2316"]
[Result "1-0"]
[Round "01"]
[TimeControl "180+2"]
[Date "2023.02.21"]
[WhiteClock "0:00:10"]
[BlackClock "0:00:10"]

1. h4 e6 2. h5 h6 3. Nc3 c5 4. e4 d5 5. Qf3 d4 6. Nce2 Nc6 7. Ng3 Nf6 8. Bb5 e5 9. Bxc6+ bxc6 10. Qe2 Bg4 11. Nf3 Bd6 12. Qc4 Qd7 13. d3 Rb8 14. a3 Rb6 15. Nh4 Be6 16. Qa4 Qb7 17. Nhf5 Bf8 18. c4 dxc3 19. b4 cxb4 20. axb4 g6 21. hxg6 fxg6 22. Nh4 Bxb4 23. Nxg6 Rh7 24. Nxe5 c2+ 25. Ke2 Bc3 26. Nc4 Bxc4 27. dxc4 Bxa1 28. Qxa1 Qe7 29. f3 Qe6 30. Qc3 Rb1 31. Nf5 Nxe4 32. fxe4 Qxe4+ 33. Ne3 Rd7 34. Qxc2 Qxc2+ 35. Nxc2 Re7+ 36. Ne3 Re6 37. Rd1 a5 38. Bd2 Rb2 39. Ra1 Rb3 40. Rxa5 Ke7 41. Ra8 Kd7 42. Ra7+ Kd6 43. Rh7 Ke5 44. Rg7 Kd4 45. Rg4+ Kc5 46. Rh4 h5 47. Rxh5+ Kd4 48. Rh4+ Kc5 49. g3 Re5 50. Rf4 Rb2 51. g4 Rc2 52. Rf5 Rxf5 53. gxf5 Ra2 54. f6 Ra8 55. Bc3 Kd6 56. Kf3 Ke6 57. Kf4 Ra3 58. Bd4 Ra4 59. Ke4 Ra8 60. Nf5 Ra4 61. Ng7+ Kf7 62. c5 Rc4 63. Nf5 Rc1 64. Nd6+ Ke6 65. f7 Ke7 66. Bg7 Re1+ 67. Kd3 Rf1 68. f8=Q+ Rxf8 69. Bxf8+ Kxf8 70. Kc4 Ke7 71. Kb4 Kd7 72. Ka5 Kc7 73. Ka6 Kb8 74. Kb6 Ka8 75. Kxc6 Ka7 76. Kd7 Ka6 77. c6 Ka7 78. c7 1-0


[Site "https://www.chess.com"]

[Event "Titled Tuesday Blitz February 21 Early 2023"]
[White "Zaksaite, Salomeja"]
[Black "Principe, Gerson"]
[WhiteFideId "12801496"]
[BlackFideId "3804550"]
[WhiteElo "2283"]
[BlackElo "2226"]
[Result "0-1"]
[Round "01"]
[TimeControl "180+2"]
[Date "2023.02.21"]
[WhiteClock "0:00:01"]
[BlackClock "0:00:10"]

1. d4 Nf6 2. Nc3 d5 3. Bf4 e6 4. Nb5 Na6 5. a4 c6 6. Na3 Bd6 7. e3 Nb8 8. Bd3 Bxf4 9. exf4 Qb6 10. Ne2 O-O 11. b3 c5 12. O-O Nc6 13. Nb5 a6 14. dxc5 Qxc5 15. Nbd4 Bd7 16. Nxc6 Bxc6 17. Nd4 Rac8 18. Nxc6 Qxc6 19. Qe2 Qc3 20. Rfe1 g6 21. Rad1 Rfe8 22. h3 Nd7 23. Qg4 Nc5 24. f5 Nxd3 25. cxd3 exf5 26. Rxe8+ Rxe8 27. Qf3 Qd4 28. Kh2 Kg7 29. Rc1 Re7 30. Rc8 Qe5+ 31. Qg3 f4 32. Qf3 Qf5 33. h4 Qxc8 0-1


[Site "https://www.chess.com"]

[Event "Titled Tuesday Blitz February 21 Early 2023"]
[White "Martynov, Pavel"]
[Black "Thiel, Thomas"]
[WhiteFideId "4101260"]
[BlackFideId "4615964"]
[WhiteElo "2414"]
[BlackElo "2234"]
[Result "0-1"]
[Round "01"]
[TimeControl "180+2"]
[Date "2023.02.21"]
[WhiteClock "0:00:06"]
[BlackClock "0:00:21"]

1. e4 d5 2. exd5 Nf6 3. Bb5+ Nbd7 4. Nf3 Nxd5 5. O-O c6 6. Ba4 g6 7. d4 Bg7 8. c4 N5b6 9. Bb3 O-O 10. Nc3 c5 11. h3 cxd4 12. Nxd4 Nc5 13. Nde2 Bf5 14. Be3 Nxb3 15. axb3 Qxd1 16. Nxd1 Bc2 17. Ra3 Bxd1 18. Rxd1 Bxb2 19. Ra5 Bf6 20. Bxb6 axb6 21. Rb5 Rfd8 22. Rxd8+ Rxd8 23. Rxb6 Rd2 24. Ng3 Rxf2 25. Rxb7 Rb2 26. Ne4 Bd4+ 27. Kh2 f5 28. Ng3 Kf7 29. h4 Be5 30. Kh3 Rc2 31. Nf1 Rc3+ 32. g3 f4 33. Rb5 Bd6 34. b4 fxg3 35. c5 Bf4 36. Rb7 h5 37. Rd7 Rc1 38. Kg2 Rc2+ 39. Kg1 Ke6 40. Rd4 Be5 41. Re4 Kf5 42. Ne3+ Kxe4 43. Nxc2 Kd3 44. Ne1+ Kc4 45. Nf3 Bc7 46. c6 Kxb4 47. Nd4 Kc5 48. Ne6+ Kxc6 49. Nf8 Kd5 50. Nxg6 e5 51. Kg2 e4 52. Ne7+ Kd4 53. Nf5+ Kd3 54. Ng7 e3 55. Nxh5 e2 56. Nxg3 Bxg3 57. Kxg3 e1=Q+ 58. Kg4 Qg1+ 59. Kf5 Qh2 60. Kg5 Qg3+ 61. Kh5 0-1


[Site "https://www.chess.com"]

[Event "Titled Tuesday Blitz February 21 Early 2023"]
[White "Mendez Machado, Andre"]
[Black "Aggelis, Nikolaos"]
[WhiteFideId "6603793"]
[BlackFideId "4213220"]
[WhiteElo "1974"]
[BlackElo "2270"]
[Result "0-1"]
[Round "01"]
[TimeControl "180+2"]
[Date "2023.02.21"]
[WhiteClock "0:00:03"]
[BlackClock "0:01:00"]

1. e4 c6 2. d4 d5 3. f3 g6 4. c3 Bg7 5. Na3 e5 6. exd5 exd4 7. dxc6 Nxc6 8. Nb5 Nge7 9. Bd3 O-O 10. Ne2 dxc3 11. Nbxc3 Nb4 12. Bb1 Qxd1+ 13. Kxd1 Rd8+ 14. Ke1 Bf5 15. Bg5 Re8 16. Bxe7 Rxe7 17. Bxf5 gxf5 18. Kf2 Nd3+ 19. Kg3 Nxb2 20. Rab1 Nc4 21. Rhc1 Rae8 22. Nf4 Nd2 23. Rb2 Nc4 24. Rb4 Ne3 25. Ncd5 Nxd5 26. Nxd5 Rd7 27. Nf4 Bh6 28. Rcb1 b6 29. Kh3 Rd2 30. Nh5 Re6 31. Ng3 Rxa2 32. Nxf5 Bf8 33. Rg4+ Rg6 34. Rc1 Rxg4 35. fxg4 Ra5 36. Rc8 h5 37. Ne7+ Kg7 38. Nf5+ Kf6 39. Rxf8 hxg4+ 40. Kxg4 Ra4+ 41. Kf3 Kxf5 42. Rxf7+ Kg5 43. Kg3 Ra3+ 44. Kf2 a5 45. Rg7+ Kf6 46. Rb7 Rb3 47. g3 a4 48. Ra7 a3 49. h4 b5 50. h5 Kg5 51. g4 b4 52. Rg7+ Kf4 53. h6 a2 54. Ra7 Ra3 55. Rxa3 bxa3 56. h7 a1=Q 57. h8=Q Qxh8 0-1


[Site "https://www.chess.com"]

[Event "Titled Tuesday Blitz February 21 Early 2023"]
[White "Ordekalog"]
[Black "Bashirli, Saadat"]
[BlackFideId "13429990"]
[WhiteElo "2560"]
[BlackElo "1571"]
[Result "1/2-1/2"]
[Round "01"]
[TimeControl "180+2"]
[Date "2023.02.21"]
[WhiteClock "0:00:22"]
[BlackClock "0:00:27"]

1. e4 c5 2. d3 g6 3. g3 Bg7 4. Bg2 e6 5. f4 Ne7 6. Nf3 O-O 7. c3 Nbc6 8. Be3 d6 9. O-O Rb8 10. d4 b6 11. Qe2 Qc7 12. Nbd2 cxd4 13. cxd4 Nb4 14. Rfc1 Qd7 15. Qc4 a5 16. a3 Ba6 17. Qc7 Qxc7 18. Rxc7 Nbc6 19. Bf1 Bxf1 20. Kxf1 Rfc8 21. Rd7 Rd8 22. Rxd8+ Rxd8 23. Rc1 d5 24. e5 Rc8 25. Ke2 Nxd4+ 26. Bxd4 Rxc1 27. Bxb6 a4 28. Ne1 Nc6 29. Nd3 Rh1 30. Nf1 g5 31. Nf2 Rxf1 32. Kxf1 gxf4 33. gxf4 f6 34. exf6 Bxf6 35. Nd3 Kf7 36. Ke2 Kg6 37. Ba5 Kf5 38. Bc3 Bxc3 39. bxc3 Na5 40. Nc5 Nc4 41. Nxa4 Nxa3 42. Nc5 Nb5 43. Kd3 Nd6 44. h3 Nc4 45. Kd4 h5 46. Nd3 Nd2 47. Ke3 Nc4+ 48. Kd4 Nd6 49. Nc5 h4 50. Nd3 Nb5+ 51. Ke3 Nxc3 52. Ne1 Nd1+ 53. Kf3 d4 54. Ng2 Nc3 55. Nxh4+ Kf6 56. Ng2 Nd5 57. Ke4 Kg6 58. Kxd4 Kf5 59. Ne3+ Kxf4 60. Nxd5+ exd5 61. Kxd5 Kg3 62. Ke4 Kxh3 1/2-1/2


[Site "https://www.chess.com"]

[Event "Titled Tuesday Blitz February 21 Early 2023"]
[White "Sabar, Ethmane Daouda"]
[Black "Novikov, Evgenij"]
[WhiteFideId "19600097"]
[BlackFideId "4125380"]
[WhiteElo "2040"]
[BlackElo "2276"]
[Result "0-1"]
[Round "01"]
[TimeControl "180+2"]
[Date "2023.02.21"]
[WhiteClock "0:00:05"]
[BlackClock "0:00:31"]

1. e4 c6 2. d3 d5 3. Nd2 g6 4. Ngf3 Bg7 5. g3 e6 6. Bg2 Ne7 7. O-O O-O 8. c3 Nd7 9. Re1 Qc7 10. d4 dxe4 11. Nxe4 Nf5 12. Bf4 Qb6 13. Qc2 Rd8 14. Nfd2 Nf8 15. Nc4 Qa6 16. Bf1 b5 17. Ncd6 Nxd6 18. Nxd6 Qb6 19. a4 bxa4 20. Rxa4 c5 21. dxc5 Qxc5 22. Rc4 Qb6 23. Nxc8 Raxc8 24. Rxc8 Rxc8 25. Rd1 Rd8 26. Be3 Qc7 27. Rxd8 Qxd8 28. Bxa7 Qa5 29. Be3 Nd7 30. b4 Qc7 31. Bd2 Ne5 32. Qe4 f5 33. Qa8+ Kf7 34. f4 Ng4 35. Qa6 Qd7 36. Be1 Bd4+ 37. cxd4 Qxd4+ 38. Kg2 Qe4+ 39. Kg1 Qe3+ 40. Kg2 Qxe1 41. Qe2 Qxb4 42. h3 Qb7+ 43. Qf3 Qxf3+ 44. Kxf3 Nh2+ 45. Kg2 Nxf1 46. Kxf1 e5 47. Kf2 e4 48. Ke3 Ke6 49. Kd4 Kd6 50. g4 Ke6 51. g5 Kd6 52. h4 Kc6 53. Kc4 Kb6 54. Kb4 Ka6 55. Kc4 Ka5 56. Kc5 e3 0-1


[Site "https://www.chess.com"]

[Event "Titled Tuesday Blitz February 21 Early 2023"]
[White "Ladan, Nicholas"]
[Black "Kohler, Aran"]
[WhiteFideId "30918855"]
[BlackFideId "1002856"]
[WhiteElo "2228"]
[BlackElo "2010"]
[Result "1-0"]
[Round "01"]
[TimeControl "180+2"]
[Date "2023.02.21"]
[WhiteClock "0:00:20"]
[BlackClock "0:00:08"]

1. d4 d5 2. Bf4 Nf6 3. e3 c5 4. c3 cxd4 5. exd4 Nc6 6. Nd2 Bf5 7. Qa4 Bd7 8. Qc2 g6 9. Ngf3 Rc8 10. Rc1 Bg7 11. Qb1 Bf5 12. Bd3 Bxd3 13. Qxd3 O-O 14. O-O h6 15. Rfe1 e6 16. Ne5 Ne7 17. a4 a6 18. Qh3 Nh5 19. Be3 Kh7 20. g4 Nf6 21. Ndf3 Ne4 22. Bxh6 Bxh6 23. g5 Nf5 24. gxh6 Ng5 25. Nxg5+ Qxg5+ 26. Qg4 Qxh6 27. Rcd1 Rc7 28. Rd3 Nh4 29. Rh3 g5 30. f4 Rg8 31. Kh1 f5 32. Qg3 Rcg7 33. fxg5 Rxg5 34. Rxh4 Rxg3 35. Rxh6+ Kxh6 36. hxg3 Rxg3 37. Nd7 1-0


[Site "https://www.chess.com"]

[Event "Titled Tuesday Blitz February 21 Early 2023"]
[White "Kiselev, Pavel"]
[Black "Martin Duque, Jesus"]
[WhiteFideId "4191102"]
[BlackFideId "2208954"]
[WhiteElo "2245"]
[BlackElo "2386"]
[Result "0-1"]
[Round "01"]
[TimeControl "180+2"]
[Date "2023.02.21"]
[WhiteClock "0:00:20"]
[BlackClock "0:01:01"]

1. Nf3 Nf6 2. d4 b6 3. c4 e6 4. d5 Bb7 5. Nc3 Bb4 6. dxe6 fxe6 7. Bg5 O-O 8. e3 h6 9. Bh4 g5 10. Bg3 Ne4 11. Rc1 Nc6 12. Bd3 Nxc3 13. bxc3 Bd6 14. Bxd6 cxd6 15. Be4 Qe7 16. O-O Na5 17. Bxb7 Nxb7 18. Nd4 Rac8 19. Nb5 a6 20. Na3 Rf5 21. Qd4 Rfc5 22. Rb1 R8c6 23. Rb2 Ra5 24. Nc2 Nc5 25. Nb4 Rc8 26. Rd1 Na4 27. Rc2 d5 28. cxd5 e5 29. Qd3 Qd6 30. e4 b5 31. Qe3 Rc4 32. Qa7 Nc5 33. f3 Ra4 34. Qa8+ Kg7 35. Rdd2 a5 36. Nd3 Nxd3 37. Rxd3 b4 38. Qa7 Ra3 39. Qe3 Qc7 40. d6 Qc6 41. Rd5 Raxc3 42. Rxc3 Rxc3 43. Qa7 Ra3 44. Rxa5 Qc1+ 45. Kf2 Qd2+ 46. Kg3 Qe1+ 47. Kh3 Qh4# 0-1


[Site "https://www.chess.com"]

[Event "Titled Tuesday Blitz February 21 Early 2023"]
[White "Bilan, Danila"]
[Black "Hernandez Jimenez, Alexander Andres"]
[WhiteFideId "24161918"]
[BlackFideId "3900452"]
[WhiteElo "2303"]
[BlackElo "2134"]
[Result "1-0"]
[Round "01"]
[TimeControl "180+2"]
[Date "2023.02.21"]
[WhiteClock "0:01:38"]
[BlackClock "0:02:14"]

1. d4 Nf6 2. Nf3 e6 3. g3 b6 4. Bg2 Bb7 5. O-O c5 6. c4 cxd4 7. Nxd4 Bxg2 8. Kxg2 Qc7 9. Qd3 Qb7+ 10. Qf3 d5 11. Nc3 Bc5 12. Nb3 Be7 13. Rd1 Nc6 14. cxd5 Ne5 15. Qf4 Ng6 16. Qa4+ Qd7 17. dxe6 fxe6 18. Rxd7 1-0


[Site "https://www.chess.com"]

[Event "Titled Tuesday Blitz February 21 Early 2023"]
[White "Decoster, Frederic"]
[Black "Ingebretsen, Jens E"]
[WhiteFideId "204269"]
[BlackFideId "1522965"]
[WhiteElo "2301"]
[BlackElo "2342"]
[Result "1-0"]
[Round "01"]
[TimeControl "180+2"]
[Date "2023.02.21"]
[WhiteClock "0:00:14"]
[BlackClock "0:00:37"]

1. e4 c5 2. Nf3 e6 3. d4 cxd4 4. Nxd4 Nf6 5. Nc3 Nc6 6. Ndb5 d6 7. Bf4 e5 8. Bg5 a6 9. Na3 b5 10. Bxf6 gxf6 11. Nd5 f5 12. Bd3 Be6 13. c3 Bg7 14. Nc2 Bxd5 15. exd5 Ne7 16. O-O O-O 17. a4 bxa4 18. Rxa4 a5 19. Bc4 Kh8 20. Qe2 Ng6 21. g3 f4 22. Rfa1 Qc7 23. Bb5 Rfb8 24. c4 f3 25. Qxf3 Rxb5 26. cxb5 Qxc2 27. Rxa5 Rf8 28. Ra8 Qxb2 29. Rxf8+ Nxf8 30. Ra7 Qxb5 31. Qxf7 Qb1+ 32. Kg2 Qe4+ 33. Kg1 Qb1+ 34. Kg2 Qe4+ 35. Kg1 Qg6 36. Qe7 Qb1+ 37. Kg2 Qe4+ 38. Kg1 Qg4 39. h3 Qg6 40. h4 h5 41. Rb7 Nh7 42. Rb8+ Nf8 43. Rxf8+ Bxf8 44. Qxf8+ Kh7 45. Qe7+ Kg8 46. Qg5 Kf7 47. Kg2 Qe4+ 48. Kh2 Qf3 49. Kg1 Qd1+ 50. Kh2 Qf3 51. Kg1 Qd1+ 52. Kh2 Qxd5 53. Qxh5+ Ke7 54. Qg5+ Kd7 55. Qf5+ Kc7 56. h5 Qd2 57. g4 e4 58. Qxe4 Qxf2+ 59. Kh3 Qf1+ 60. Kh4 Qf6+ 61. g5 Qf2+ 62. Kg4 Qg1+ 63. Kf5 Qf1+ 64. Kg6 Qf8 65. Qe6 Qf1 66. h6 Qd3+ 67. Kg7 Qd4+ 68. Qf6 Qe3 69. h7 1-0


[Site "https://www.chess.com"]

[Event "Titled Tuesday Blitz February 21 Early 2023"]
[White "Deng, Henry"]
[Black "Thomas, Anysia"]
[WhiteFideId "30965454"]
[BlackFideId "670472"]
[WhiteElo "2168"]
[BlackElo "2147"]
[Result "1-0"]
[Round "01"]
[TimeControl "180+2"]
[Date "2023.02.21"]
[WhiteClock "0:00:53"]
[BlackClock "0:00:01"]

1. e4 c5 2. Nc3 Nc6 3. Bb5 Nd4 4. Nf3 g6 5. Ba4 Qa5 6. O-O b5 7. Nxd4 cxd4 8. b4 Qxb4 9. Rb1 Qa5 10. Nxb5 Qxa4 11. Nc7+ Kd8 12. Nxa8 Bg7 13. Qf3 Nh6 14. d3 Qc6 15. e5 Qxf3 16. gxf3 Nf5 17. Bf4 h6 18. e6 d6 19. exf7 g5 20. Bd2 Kd7 21. Ba5 Ba6 22. Nc7 Bc8 23. Ne8 Bf6 24. Nxf6+ exf6 25. Rfe1 Rf8 26. Rb8 Rxf7 27. Reb1 Nh4 28. Kf1 1-0


[Site "https://www.chess.com"]

[Event "Titled Tuesday Blitz February 21 Early 2023"]
[White "Simonovic, Miroslav"]
[Black "Yurasova, Daria"]
[WhiteFideId "919152"]
[BlackFideId "34146919"]
[WhiteElo "2082"]
[BlackElo "2095"]
[Result "0-1"]
[Round "01"]
[TimeControl "180+2"]
[Date "2023.02.21"]
[WhiteClock "0:00:26"]
[BlackClock "0:00:22"]

1. d4 d5 2. Bg5 f6 3. Bh4 Nh6 4. f3 Nf5 5. Bf2 Be6 6. e4 dxe4 7. fxe4 Nd6 8. Bd3 Bf7 9. e5 Nc4 10. b3 Nb6 11. Nf3 Nc6 12. Qe2 e6 13. exf6 gxf6 14. Bb5 Bb4+ 15. c3 Bd6 16. Bxc6+ bxc6 17. Nbd2 Nd5 18. c4 Nf4 19. Qe4 Nxg2+ 20. Kf1 Nf4 21. Qxc6+ Ke7 22. c5 Rc8 23. Qe4 Bg6 24. cxd6+ Qxd6 25. Qe3 Bd3+ 26. Kg1 Rhg8+ 27. Bg3 Ne2+ 28. Kf2 Nxg3 29. Qxd3 Nxh1+ 30. Rxh1 Rg7 31. Re1 Kf7 32. Qe4 Rcg8 33. Ke3 c5 34. Kd3 cxd4 35. Nxd4 e5 36. Nc4 Qxd4+ 37. Qxd4 exd4 38. Nd6+ Kg6 39. Rg1+ Kh5 40. Rf1 Rg6 41. Ne4 Kh6 42. Kxd4 Rd8+ 43. Kc3 Kg7 44. Nc5 Re8 45. b4 Re3+ 46. Kc4 Rg4+ 47. Kb5 Re2 48. Rb1 Rxa2 49. Kc6 Rxh2 50. b5 Rc2 51. b6 axb6 52. Rxb6 Rgc4 53. Rb5 Rxc5+ 54. Rxc5 Rxc5+ 55. Kxc5 Kg6 56. Kd4 f5 57. Ke3 Kf6 58. Kf2 Ke5 59. Kf3 h6 60. Ke3 f4+ 61. Kf3 Kf5 62. Kf2 Ke4 63. Kg2 Ke3 64. Kf1 Kf3 65. Ke1 Kg2 66. Ke2 f3+ 67. Ke3 f2 68. Kf4 f1=Q+ 69. Ke4 Qf3+ 70. Ke5 h5 71. Kd4 h4 72. Ke5 h3 73. Kd4 h2 74. Ke5 h1=Q 75. Kd4 Qhd1+ 76. Ke5 Qde2+ 77. Kd6 Qfd3+ 78. Kc5 Qec2+ 79. Kb4 Qdb3+ 80. Ka5 Qca2# 0-1


[Site "https://www.chess.com"]

[Event "Titled Tuesday Blitz February 21 Early 2023"]
[White "Schekachikhin, Maksim"]
[Black "Cramling Bellon, Anna"]
[WhiteFideId "24177830"]
[BlackFideId "32009232"]
[WhiteElo "2371"]
[BlackElo "2043"]
[Result "1-0"]
[Round "01"]
[TimeControl "180+2"]
[Date "2023.02.21"]
[WhiteClock "0:00:07"]
[BlackClock "0:00:03"]

1. c4 c5 2. Nc3 Nc6 3. g3 e5 4. Bg2 g6 5. Nf3 Bg7 6. O-O d6 7. Ne1 Be6 8. d3 Nge7 9. Nd5 O-O 10. Nc2 Rb8 11. Bg5 f6 12. Bd2 b5 13. b3 h6 14. Nce3 f5 15. Nxe7+ Nxe7 16. Rc1 b4 17. Nd5 a5 18. Nxe7+ Qxe7 19. e3 Qa7 20. Re1 Bd7 21. Bd5+ Kh7 22. f4 a4 23. Qf3 axb3 24. axb3 Qa2 25. Qd1 exf4 26. gxf4 Ra8 27. Qc2 Ra3 28. Qxa2 Rxa2 29. Re2 Bc3 30. Rd1 Re8 31. Kf2 Bf6 32. Be1 Ra3 33. Rb1 g5 34. fxg5 Bxg5 35. Kf3 Re7 36. Bg3 Be8 37. Kf2 Bh5 38. Bf3 Bxf3 39. Kxf3 Re6 40. d4 Ra8 41. d5 Re7 42. Bxd6 Re4 43. Bf4 Rae8 44. Bxg5 hxg5 45. Rg1 g4+ 46. Kf2 Kg6 47. Ra1 Kf6 48. Ra6+ Ke5 49. Rc6 f4 50. exf4+ Kxf4 51. Rxe4+ Rxe4 52. Rxc5 Rd4 53. Rc6 Rd2+ 54. Ke1 Rxh2 55. Rf6+ Ke5 56. Re6+ Kf4 57. d6 g3 58. d7 g2 59. Rg6 Rh8 60. Rxg2 Rd8 61. Rd2 Ke4 62. c5 Ke5 63. c6 Ke6 64. c7 Rxd7 65. c8=Q 1-0


[Site "https://www.chess.com"]

[Event "Titled Tuesday Blitz February 21 Early 2023"]
[White "Rose, Felix"]
[Black "Fecker, Noah"]
[WhiteFideId "5105722"]
[BlackFideId "1334263"]
[WhiteElo "2091"]
[BlackElo "2388"]
[Result "1-0"]
[Round "01"]
[TimeControl "180+2"]
[Date "2023.02.21"]
[WhiteClock "0:00:07"]
[BlackClock "0:00:39"]

1. e4 e6 2. d4 d5 3. Nc3 dxe4 4. Nxe4 Bd7 5. Nf3 Bc6 6. Bd3 Nd7 7. O-O Ngf6 8. Ng3 Be7 9. Re1 O-O 10. b3 b6 11. Bb2 Bb7 12. c4 c5 13. Qe2 Re8 14. Rad1 Qc7 15. h3 cxd4 16. Nxd4 a6 17. Bb1 Nf8 18. Nf3 Ng6 19. Ne5 Bc5 20. a3 a5 21. Nh5 Nxh5 22. Qxh5 Bxg2 23. Rd7 Qc8 24. Rxf7 Rf8 25. Bxg6 hxg6 26. Qxg6 Rxf7 27. Qxf7+ Kh7 28. Qg6+ Kg8 29. Ng4 Qf8 30. Nf6+ Kh8 31. Qh7# 1-0


[Site "https://www.chess.com"]

[Event "Titled Tuesday Blitz February 21 Early 2023"]
[White "Pinheiro, Iung Alicio de O."]
[Black "Kuchava, Ana"]
[WhiteFideId "2104350"]
[BlackFideId "13605348"]
[WhiteElo "2306"]
[BlackElo "2101"]
[Result "1-0"]
[Round "01"]
[TimeControl "180+2"]
[Date "2023.02.21"]
[WhiteClock "0:00:15"]
[BlackClock "0:00:10"]

1. e4 c5 2. Nf3 d6 3. Bc4 e6 4. Qe2 a6 5. a4 Nc6 6. O-O Nf6 7. e5 dxe5 8. Nxe5 Nxe5 9. Qxe5 Bd6 10. Qg5 O-O 11. b3 h6 12. Qh4 Rb8 13. Na3 Bd7 14. Bb2 Be7 15. Qg3 b5 16. axb5 axb5 17. Bd3 Qb6 18. Rae1 Rbc8 19. Re4 c4 20. bxc4 bxc4 21. Bd4 Qd6 22. Be5 Qxa3 23. Rxc4 Kh8 24. Rh4 Qc5 25. Qf4 Bb5 26. Rxh6+ gxh6 27. Qxh6+ Kg8 28. Bxf6 1-0


[Site "https://www.chess.com"]

[Event "Titled Tuesday Blitz February 21 Early 2023"]
[White "Tarnowska, Aleksandra"]
[Black "Toncheva, Nadya"]
[WhiteFideId "1180967"]
[BlackFideId "2924056"]
[WhiteElo "1835"]
[BlackElo "2295"]
[Result "0-1"]
[Round "01"]
[TimeControl "180+2"]
[Date "2023.02.21"]
[WhiteClock "0:00:01"]
[BlackClock "0:00:46"]

1. e4 c5 2. Nf3 Nc6 3. Bb5 e6 4. O-O Nge7 5. c3 a6 6. Ba4 g6 7. d4 cxd4 8. cxd4 d5 9. e5 Bg7 10. Nc3 O-O 11. Bg5 f6 12. exf6 Bxf6 13. Bh6 Bg7 14. Bxg7 Kxg7 15. Ne5 Nxe5 16. dxe5 Bd7 17. Bb3 Qc7 18. Qe2 d4 19. Nd1 Bb5 20. Qe4 Bxf1 21. Kxf1 Nf5 22. Bxe6 Rae8 23. Bxf5 Rxf5 24. Qxd4 Qxe5 25. Qxe5+ Rfxe5 26. Ne3 R8e7 27. Ke2 Rb5 28. b3 Rc5 29. Rd1 Rc2+ 30. Kf3 Rxa2 31. Kg3 Rb2 32. Rd3 a5 33. Nc4 Ra2 34. Nb6 Ree2 35. Rf3 Red2 36. Nc4 Rd7 37. Ne5 Re7 38. Nc4 b5 39. Nb6 a4 40. b4 Rb2 41. Nd5 Rd7 42. Nb6 Rd6 43. Nc8 Re6 0-1


[Site "https://www.chess.com"]

[Event "Titled Tuesday Blitz February 21 Early 2023"]
[White "Derjabin, Ilja"]
[Black "lisjakzlatko1"]
[WhiteFideId "14104768"]
[WhiteElo "2333"]
[BlackElo "2162"]
[Result "1-0"]
[Round "01"]
[TimeControl "180+2"]
[Date "2023.02.21"]
[WhiteClock "0:02:01"]
[BlackClock "0:00:11"]

1. d4 d6 2. c4 e5 3. d5 Nf6 4. Nc3 Be7 5. e4 O-O 6. Nge2 c6 7. Ng3 Re8 8. Be2 Bf8 9. O-O Na6 10. Be3 Nc7 11. Rc1 g6 12. f3 h6 13. Qd2 Kh7 14. h3 c5 15. f4 exf4 16. Bxf4 Bg7 17. Bd3 a6 18. Rce1 Ng8 19. e5 dxe5 20. Be3 Qe7 21. Nce4 Qf8 22. Bxc5 Ne7 23. d6 Ne6 24. dxe7 Qh8 25. Rxf7 Nf4 26. Nf6# 1-0


[Site "https://www.chess.com"]

[Event "Titled Tuesday Blitz February 21 Early 2023"]
[White "The_Sherman_Variation"]
[Black "Osuna Vega, Enrique"]
[BlackFideId "2219549"]
[WhiteElo "2513"]
[BlackElo "2061"]
[Result "1-0"]
[Round "01"]
[TimeControl "180+2"]
[Date "2023.02.21"]
[WhiteClock "0:00:40"]
[BlackClock "0:00:53"]

1. e4 d6 2. Nc3 c5 3. g3 Nc6 4. Bg2 g6 5. d3 Bg7 6. Nge2 e6 7. O-O Nge7 8. f4 d5 9. e5 Nf5 10. Qe1 O-O 11. g4 Nh4 12. Bh1 Nb4 13. Qd1 f6 14. exf6 Bxf6 15. a3 Nc6 16. h3 Nd4 17. Nxd4 Bxd4+ 18. Kh2 e5 19. Ne2 exf4 20. Nxd4 cxd4 21. Qe1 g5 22. Qe5 Qf6 23. Bxd5+ Kg7 24. Qc7+ Kh6 25. Bd2 Be6 26. Bxe6 Qxe6 27. Rae1 Qd5 28. Rf2 Rae8 29. Rxe8 Rxe8 30. Bxf4 Nf3+ 31. Kg3 gxf4+ 32. Qxf4+ Ng5 33. Qf6# 1-0


[Site "https://www.chess.com"]

[Event "Titled Tuesday Blitz February 21 Early 2023"]
[White "Sailer, Mike"]
[Black "Maltsevskaya, Aleksandra"]
[WhiteFideId "2012901"]
[BlackFideId "24174041"]
[WhiteElo "2109"]
[BlackElo "2390"]
[Result "0-1"]
[Round "01"]
[TimeControl "180+2"]
[Date "2023.02.21"]
[WhiteClock "0:00:03"]
[BlackClock "0:00:36"]

1. d4 Nf6 2. Bg5 d5 3. Bxf6 exf6 4. e3 Bf5 5. c4 c6 6. Nc3 dxc4 7. Bxc4 Bd6 8. Qb3 Qe7 9. Nf3 O-O 10. O-O b5 11. Be2 Nd7 12. Nh4 Be6 13. Qc2 Rac8 14. Rac1 a6 15. Rfd1 Bb8 16. g3 g6 17. a4 b4 18. Ne4 a5 19. Nc5 Nxc5 20. Qxc5 Bd6 21. Qxa5 Bd5 22. Bf3 Ra8 23. Qb6 Rfb8 24. Rxc6 Rxb6 25. Rxb6 Bxf3 26. Nxf3 Rxa4 27. Rc1 Ra2 28. Nd2 Rxb2 29. Rb5 Rxd2 0-1


[Site "https://www.chess.com"]